 Dungeon Crawl Stone Soup version 0.18.1-5-g4a78601 (webtiles) character file.

3039 pipel the Basher (level 9, -1/98 HPs)
             Began as an Ogre Chaos Knight on May 15, 2016.
             Slain by a goblin
             ... wielding a +0 hand axe
              (3 damage)
             ... in a bailey.
             The game lasted 00:24:37 (6786 turns).

pipel the Basher (Ogre Chaos Knight)                Turns: 6786, Time: 00:24:38

Health: -1/98      AC:  5    Str: 22    XL:     9   Next: 86%
Magic:  12/12      EV: 15    Int: 11    God:    Xom [...*..]
Gold:   326        SH:  0    Dex: 11    Spells: 0 memorised, 8 levels left

rFire  + . .     SeeInvis +     a - +1 mace (chaos)
rCold  . . .     Gourm    .     b - +2 robe (curse)
rNeg   . . .     Faith    .     (no shield)
rPois  .         Spirit   .     (helmet restricted)
rElec  .         Dismiss  .     (no cloak)
rCorr  .         Reflect  .     (gloves unavailable)
SustAt .         Harm     .     (boots unavailable)
MR     +....     Clarity  +     (no amulet)
Stlth  ++++...... Rnd*Tele +    E - ring of stealth
                                C - ring of the King {Fragile rF+ MR+ SInv Stlth+}

@: somewhat resistant to hostile enchantments, stealthy
A: unfitting armour, repulsion field 1, agile 1, clarity, high mp 1,
teleportitis 1, tough skin 1, wild magic 1
a: Renounce Religion


You were in a bailey.
You worshipped Xom.
You were a favourite toy of Xom.
You were not hungry.

You visited 1 branch of the dungeon, and saw 8 of its levels.
You also visited: Sewer and Bailey.

You collected 326 gold pieces.

Inventory:

Hand Weapons
 a - a +1 mace of chaos (weapon)
Missiles
 v - 34 poisoned needles
Armour
 b - a cursed +2 robe (worn)
Magical Staves
 I - an uncursed staff of wizardry
Jewellery
 j - an uncursed ring of flight
 s - an uncursed ring of protection from magic
 t - an uncursed ring of positive energy
 u - an uncursed ring of protection from fire
 C - the ring of the King (left hand) {Fragile rF+ MR+ SInv Stlth+}
   (You found it on level 6 of the Dungeon)

   [ring of see invisible]

   It protects you from fire.
   It affects your resistance to hostile enchantments.
   It lets you see invisible.
   It will be destroyed if unequipped.
   It makes you more stealthy.
 E - a ring of stealth (right hand)
Wands
 f - a wand of confusion (15/48)
 p - a wand of confusion (10/48)
 w - a wand of random effects (13/48)
 A - a wand of confusion (37/48)
 D - a wand of lightning (5/15)
 G - a wand of acid (11/15)
 H - a wand of digging (12/24)
Scrolls
 e - 3 scrolls of teleportation
 g - 5 scrolls of identify
 i - 4 scrolls of remove curse
 l - 2 scrolls of blinking
 r - a scroll of noise
 y - a scroll of amnesia
Potions
 h - 3 potions of brilliance
 n - a potion of agility
 o - 2 potions of flight
 q - 2 potions of might
 x - a potion of cancellation
Comestibles
 c - 5 bread rations
 d - 4 fruits
 m - a slice of pizza
 z - 3 royal jellies
 F - 2 beef jerkies


   Skills:
 + Level 9.1 Fighting
 + Level 9.5 Maces & Flails
 + Level 8.4 Dodging
 - Level 2.1 Stealth
 + Level 2.6 Evocations


You had 8 spell levels left.
You didn't know any spells.

Dungeon Overview and Level Annotations

Branches:
Dungeon (8/15)             Temple (0/1) D:4
   Lair: D:8-11

Altars:
Dithmenos
Fedhas
Nemelex Xobeh
Okawaru
Qazlal
Vehumet
Xom
Zin

Annotations:
Bailey 100P's ghost, novice DsGl


Innate Abilities, Weirdness & Mutations

You are too large for most types of armour.
You have tough skin (AC +1).
You are surrounded by a mild repulsion field (EV +2).
You are agile. (Dex +2)
You possess an exceptional clarity of mind.
You have an increased reservoir of magic (+10% MP).
You are occasionally teleported next to monsters.
Your spells are a little harder to cast, but a little more powerful.


Message History

* * * LOW HITPOINT WARNING * * *
You take 21 damage, and have 20/98 hp.
MASSIVE DAMAGE!!
You closely miss 100P's ghost. 100P's ghost is almost destroyed.
The hobgoblin completely misses you. 2 goblins come into view.
You closely miss 100P's ghost. 100P's ghost is almost destroyed. 100P's ghost hits you!!
* * * LOW HITPOINT WARNING * * *
The goblin moves out of view.
The hobgoblin closely misses you.
A goblin comes into view. It is wielding a hand axe.
You take 19 damage, and have 1/98 hp.
Drink which item? (? for menu, Esc to quit)
Okay, then.
Found a dented ivory amulet.
The hobgoblin barely misses you. The goblin hits you with a hand axe.
You die...
Xom guffaws!

..g'...........#♣
...#.....⌠.....#♣ .
#...........#♣
#...........#♣♣
##.......).###♣♣♣ ♣♣
###.....#g#.###♣♣♣
♣♣♣♣.♣♣
###.###)....###♣♣♣.....♣
go###..)gW....##.......♣♣
.go#......@....#))......♣
.gg#.....g....)'.......♣♣
.go#.....⌠....)').∩.∩...♣
.$o#...........'........♣
.$$#......g....#....)...♣
"###.........##......♣♣♣
#.###.....###♣♣♣....♣
...#'#.###♣♣♣ ♣♣♣♣♣♣ ###


You could see 100P's ghost (invisible), a hobgoblin and 3 goblins.

Vanquished Creatures
  Pikel (D:8)
  An orb spider (D:3)
  Duvessa (D:5)
  2 orc warriors
  A black bear (D:7)
  2 ogres
  A phantom (D:5)
  A wolf (shapeshifter) (D:7)
  A centaur (D:6)
  A big kobold (Sewer)
  A giant frog (D:6)
  Dowan (D:5)
  3 wights (D:8)
  2 crimson imps (D:7)
  A quasit (D:6)
  2 hounds
  A jelly (D:6)
  2 giant frog skeletons
  An orc priest (D:4)
  5 orc wizards
  Natasha (D:3)
  2 iguanas (D:8)
  3 worker ants
  A killer bee zombie (D:5)
  A hound skeleton (D:6)
  10 gnolls
  12 adders
  A river rat (shapeshifter) (Bailey)
  8 river rats (Sewer)
  2 shadow imps (D:7)
  2 oozes
  2 adder skeletons (D:4)
  An adder zombie (D:6)
  5 worms
  A dart slug (D:1)
  7 giant geckos
  17 orcs
  8 ball pythons
  3 giant cockroaches
  14 goblins
  A hobgoblin (shapeshifter) (Bailey)
  10 hobgoblins
  A kobold (shapeshifter) (D:7)
  3 quokkas
  7 bats
  3 giant newts
  26 kobolds
  A quokka skeleton (D:8)
  18 rats
202 creatures vanquished.

Vanquished Creatures (collateral kills)
  A giant frog (D:8)
  A hound (D:8)
  An orc (D:8)
3 creatures vanquished.

Vanquished Creatures (others)
  A slave (D:8)
  2 river rats (Sewer)
  A gnoll (D:8)
4 creatures vanquished.

Grand Total: 209 creatures vanquished

Notes
Turn   | Place    | Note
--------------------------------------------------------------
     0 | D:1      | pipel the Ogre Chaos Knight began the quest for the Orb.
     0 | D:1      | Reached XP level 1. HP: 24/24 MP: 1/1
     2 | D:1      | XOM: harmless Summ miscast
    72 | D:1      | Reached XP level 2. HP: 28/32 MP: 2/2
   261 | D:1      | XOM: harmless Summ miscast
   381 | D:1      | Reached XP level 3. HP: 38/40 MP: 3/3
   401 | D:1      | XOM: noise
   447 | D:1      | XOM: divination: detect items
   482 | D:1      | XOM: medium Fire miscast
   720 | D:1      | XOM: noise
   912 | D:2      | XOM: vitrification
   979 | D:2      | Reached skill level 5 in Maces & Flails
  1030 | D:2      | Reached XP level 4. HP: 42/49 MP: 4/4
  1061 | D:2      | Found an iron altar of Okawaru.
  1129 | D:2      | XOM: god gift: wooden wand {god gift}
  1167 | D:2      | XOM: give mutation
  1167 | D:2      | Gained mutation: Your mind is acute. (Int +2) [Xom's grace]
  1313 | D:2      | XOM: god gift: 21 gold pieces
  1318 | D:2      | Gained mutation: Your spells are a little harder to cast, but a little more powerful. [potion of mutation]
  1318 | D:2      | Gained mutation: You are occasionally teleported next to monsters. [potion of mutation]
  1318 | D:2      | Gained mutation: You are partially covered in rough black scales (AC +4, Dex -1). [potion of mutation]
  1650 | D:3      | Noticed an orb spider
  1650 | D:3      | a worm changed into an orb spider
  1653 | D:3      | Killed an orb spider
  1653 | D:3      | Reached XP level 5. HP: 26/59 MP: 5/5
  1653 | D:3      | Reached XP level 6. HP: 29/67 MP: 6/6
  1653 | D:3      | Reached XP level 7. HP: 33/75 MP: 7/7
  1947 | D:3      | Found a glowing drain.
  1972 | Sewer    | Entered a sewer
  2101 | Sewer    | XOM: 6-stop teleportation journey
  2154 | Sewer    | XOM: destruction
  2169 | Sewer    | XOM: scenery: 1 doors close
  2395 | Sewer    | XOM: mild Summ miscast
  2403 | Sewer    | XOM: give mutations
  2403 | Sewer    | Gained mutation: You possess an exceptional clarity of mind. [Xom's grace]
  2403 | Sewer    | Gained mutation: You have an increased reservoir of magic (+10% MP). [Xom's grace]
  2532 | Sewer    | XOM: scenery: create altars
  2619 | Sewer    | Reached skill level 5 in Dodging
  2890 | D:3      | Noticed Natasha
  2892 | D:3      | XOM: enchant monster (bad)
  2895 | D:3      | Killed Natasha
  2938 | D:3      | Found a stormy altar of Qazlal.
  3304 | D:3      | XOM: colour smoke trail
  3476 | D:4      | Reached XP level 8. HP: 69/84 MP: 9/9
  3515 | D:4      | XOM: stat loss: -1 Int (12/13)
  3527 | D:4      | Found a staircase to the Ecumenical Temple.
  3587 | D:4      | Found a shadowy altar of Dithmenos.
  3689 | D:4      | XOM: give mutations
  3689 | D:4      | Lost mutation: You are partially covered in rough black scales (AC +4, Dex -1). [Xom's mischief]
  3689 | D:4      | Lost mutation: Your mind is acute. (Int +2) [Xom's mischief]
  3987 | D:4      | XOM: colour smoke trail
  4040 | D:5      | Entered Level 5 of the Dungeon
  4063 | D:5      | Noticed Duvessa
  4063 | D:5      | Noticed Dowan
  4091 | D:5      | Killed Dowan
  4091 | D:5      | Reached skill level 1 in Evocations
  4094 | D:5      | Killed Duvessa
  4201 | D:5      | XOM: noise
  4268 | D:5      | XOM: scenery: create altars
  4603 | D:5      | XOM: medium Hex miscast
  4673 | D:5      | Gained mutation: You are agile. (Dex +2) [potion of mutation]
  4673 | D:5      | Gained mutation: You are surrounded by a mild repulsion field (EV +2). [potion of mutation]
  4716 | D:5      | Found a sparkling altar of Nemelex Xobeh.
  4719 | D:5      | Found a glowing silver altar of Zin.
  4759 | D:5      | Found a shadowy altar of Dithmenos.
  4761 | D:5      | Found a radiant altar of Vehumet.
  4782 | D:5      | XOM: scenery: create altars
  5075 | D:6      | Got a scintillating ivory ring
  5086 | D:6      | Identified the ring of the King {Fragile rF+ MR+ SInv Stlth+} (You found it on level 6 of the Dungeon)
  5281 | D:6      | XOM: divination: detect items
  5300 | D:6      | Reached XP level 9. HP: 81/94 MP: 11/11
  5507 | D:7      | Found a blossoming altar of Fedhas.
  5611 | D:7      | Found a shimmering altar of Xom.
  5611 | D:7      | Found a shimmering altar of Xom.
  5611 | D:7      | Found a shimmering altar of Xom.
  5611 | D:7      | Found a shimmering altar of Xom.
  5611 | D:7      | Found a shimmering altar of Xom.
  5611 | D:7      | Found a shimmering altar of Xom.
  5611 | D:7      | Found a shimmering altar of Xom.
  5615 | D:7      | XOM: scenery: 1 doors open
  5839 | D:8      | XOM: cast spell 'Summon Ice Beast'
  5842 | D:8      | Noticed Pikel
  5856 | D:8      | Killed Pikel
  5966 | D:8      | Noticed Psyche
  5977 | D:8      | Noticed Psyche
  5977 | D:8      | Psyche changed into Psyche the ogre
  5977 | D:8      | XOM: polymorph Psyche -> Psyche the ogre
  5985 | D:8      | Killed Psyche the ogre
  5986 | D:8      | XOM: swap monsters
  6028 | D:8      | XOM: destruction
  6045 | D:8      | XOM: noise
  6062 | D:8      | XOM: vitrification
  6252 | D:8      | Found a flagged portal.
  6271 | D:8      | XOM: vitrification
  6471 | Bailey   | Entered a bailey
  6754 | Bailey   | Noticed 100P's ghost (novice DsGl)
  6757 | Bailey   | XOM: vitrification
  6759 | Bailey   | Noticed an orc knight
  6760 | Bailey   | XOM: smoke on damage
  6774 | Bailey   | HP: 4/98 [100P's ghost (20)]
  6783 | Bailey   | HP: 1/98 [100P's ghost (20)]
  6786 | Bailey   | Slain by a goblin

Skill      XL: |  1  2  3  4  5  6  7  8  9 |
---------------+----------------------------+-----
Maces & Flails | 5 6 7 8 9 |  9.5
Dodging        | 4 5 6 8 |  8.4
Fighting       | 6 7 9 |  9.1
Stealth        | 2 |  2.1
Evocations     | 1 2 |  2.6

Action                   |  1- 3 |  4- 6 |  7- 9 || total
-------------------------+-------+-------+-------++-------
Melee: Mace              |    96 |    43 |   597 ||   736
Evoke: Wand              |       |     1 |    45 ||    46
  Use: Scroll            |       |     6 |     7 ||    13
       Potion            |       |     5 |    10 ||    15
 Stab: Petrifying        |     1 |       |     1 ||     2
       Paralysed         |     1 |       |     1 ||     2
       Sleeping          |     1 |       |     6 ||     7
       Confused          |       |     1 |     4 ||     5
  Eat: Chunk             |       |     2 |    18 ||    20
Armor: Robe              |    24 |    10 |   174 ||   208
Dodge: Dodged            |    46 |    17 |   378 ||   441
